 Dungeon Crawl Stone Soup version 0.14-a0-882-gdff4d47 (console) character file.

5100 Kellhus the Conjurer (level 10, 34/54 HPs)
             Began as an Octopode Wizard on Nov 17, 2013.
             Was a Priest of Vehumet.
             Quit the game on Level 8 of the Dungeon.
             The game lasted 00:25:06 (12976 turns).

Kellhus the Conjurer (Octopode Wizard)             Turns: 12976, Time: 00:25:06

HP  34/54        AC  6     Str  6      XL: 10   Next: 45%
MP  16/26        EV 15     Int 24      God: Vehumet [***...]
Gold 378         SH  0     Dex 17      Spells:  7 memorised, 10 levels left

Res.Fire  : . . .   See Invis. : .   a - +3,+1 flail (protect)
Res.Cold  : . . .   Warding    : .   (no shield)
Life Prot.: . . .   Conserve   : .   A - +0 wizard hat
Res.Poison: .       Res.Corr.  : .   (no amulet)
Res.Elec. : .       Clarity    : .   l - ring of sustenance
Sust.Abil.: + .     Spirit.Shd : .   H - ring of sustain abilities
Res.Mut.  : .       Stasis     : .   Q - +6 ring of dexterity
Res.Rott. : .       Flight     : .   (no ring)
Saprovore : . . .                    (no ring)
                                     (no ring)
                                     (no ring)
                                     (no ring)

@: somewhat resistant to hostile enchantments, quite stealthy
A: almost no armour, amphibious, 8 rings, constrict 8, camouflage 1, AC +1
a: Renounce Religion


You were on level 8 of the Dungeon.
You worshipped Vehumet.
Vehumet was most pleased with you.
You were not hungry.

You visited 1 branch of the dungeon, and saw 9 of its levels.

You collected 378 gold pieces.

Inventory:

Hand weapons
 a - a +3,+1 flail of protection (weapon)
 b - a +0,+2 whip of electrocution
Armour
 A - a +0 wizard hat (worn)
Magical devices
 J - a wand of digging (11)
 O - a wand of confusion (3)
 P - a wand of magic darts (12)
Comestibles
 d - 5 bread rations
 o - 2 meat rations
 t - an apple
 v - a pear
 D - a choko
Scrolls
 g - 4 scrolls of fog
 i - a scroll of blinking
 k - a scroll of random uselessness {unknown}
 n - 2 scrolls of identify
 r - 4 scrolls of remove curse
 u - a scroll of fear {unknown}
 x - a scroll of magic mapping
 y - a scroll of recharging {unknown}
 F - a scroll of enchant weapon III {unknown}
 G - a scroll of enchant armour {unknown}
 K - a scroll of teleportation
Jewellery
 l - a ring of sustenance (left tentacle)
 z - an uncursed amulet of stasis
 H - a ring of sustain abilities (right tentacle)
 Q - a +6 ring of dexterity (on tentacle)
Potions
 e - a potion of might
 f - 3 potions of flight
 h - a potion of heal wounds
 j - a potion of restore abilities {unknown}
 m - a potion of cure mutation {unknown}
 p - a potion of poison {unknown}
 q - a potion of beneficial mutation {unknown}
 s - 3 potions of curing
 w - 2 potions of invisibility
 C - a potion of paralysis {unknown}
 E - a potion of agility {unknown}
 I - 2 potions of brilliance
 L - a potion of mutation {unknown}
 M - 2 potions of magic {unknown}
 N - a potion of confusion {unknown}
Books
 c - a book of Minor Magic

   Spells                             Type                      Level
   *Magic Dart                        Conjuration                  1
   *Blink                             Translocation                2
   Call Imp                           Summoning                    2
   *Repel Missiles                    Charms/Air                   2
   Slow                               Hexes                        2
   *Conjure Flame                     Conjuration/Fire             3
   *Mephitic Cloud                    Conjuration/Poison/Air       3
Magical staves
 B - an uncursed staff of poison


   Skills:
 - Level 5.0 Dodging
 - Level 2.6 Stealth
 - Level 8.0 Spellcasting
 - Level 10.0 Conjurations
   Level 1.0 Summonings
 - Level 1.0 Translocations
 + Level 4.1 Earth Magic
 - Level 5.0 Poison Magic


You had 10 spell levels left.
You knew the following spells:

 Your Spells              Type           Power        Failure   Level  Hunger
a - Magic Dart            Conj           ####         1%          1    None
b - Conjure Flame         Conj/Fire      ####....     1%          3    None
c - Mephitic Cloud        Conj/Pois/Air  ####....     1%          3    None
d - Sting                 Conj/Pois      ####         1%          1    None
e - Stone Arrow           Conj/Erth      #####.       1%          3    None
l - Blink                 Tloc           N/A          8%          2    None
r - Repel Missiles        Chrm/Air       #.........   12%         2    None


Dungeon Overview and Level Annotations

Branches:
Dungeon (9/16)             Temple (0/1) D:6             Orc (0/4) D:9
   Lair: D:8-13

Altars:
Ashenzari
Kikubaaqudgha
Makhleb
Vehumet

Shops:
D:4 %   D:7 *


Innate Abilities, Weirdness & Mutations

You cannot wear most types of armour.
You are amphibious.
You can wear up to eight rings at the same time.
You can use your tentacles to constrict many enemies at once.
Your skin changes colour to match your surroundings (Stlth).
Your rubbery body absorbs attacks (AC +1).


Message History

You kill the giant frog!
Vehumet accepts your kill.
You feel your power returning.
Your Earth Magic skill increases to level 4!
Casting: Magic Dart
Confirm with . or Enter, or press ? or * to list all spells.
Aiming: Magic Dart
Press: ? - help, Shift-Dir - straight line, f - ice beast
Aim: an ice beast The magic dart hits the ice beast.
The ice beast misses you.
The orc wizard shouts!
The orc wizard points at you and mumbles some strange words.
The puff of flame hits you!
One of your 2 scrolls labeled ZIRUV ADOS catches fire!
One of your 5 scrolls of remove curse catches fire!
One of your 2 scrolls of magic mapping catches fire!
One of your 2 scrolls labeled STRUTW KUGEAN catches fire!
Quiver which item? (- for none, * to show all) (? for menu, Esc to quit)
Okay, then.
Are you sure you want to abandon this character and quit the game? (Confirm with "yes".)

,,,,..........?.............)....
,................................
.................................
.....................!...........
..................o..............
..............................[..
.............................#[..
......)............?....#.#..#...
,#.............I@......#...#.#...
*#....##..............##.########
#.#..#.##..........###.#...#.#.#
##..#..###..........##.#.#..#.##
#.#..#...............##.######
##..##...##.##.#.......#.#
#.######..####..#..###.#.# ###
#### ####### #####


You could see an ice beast and an orc wizard.

Vanquished Creatures
  The ghost of timbw the Basher, an experienced TrFi of Okawaru (D:8)
  A spriggan (D:7)
  Prince Ribbit (D:7)
  Eustachio (D:7)
  2 hippogriffs
  Edmund (D:6)
  Menkaure (D:6)
  A manticore (D:9)
  3 orc warriors
  3 ogres
  A phantom (D:7)
  3 centaurs
  Sigmund (D:7)
  2 giant frogs
  5 killer bees (D:7)
  6 crimson imps
  2 goliath beetles
  5 hounds
  Crazy Yiuf (D:4)
  11 orc priests
  2 scorpions
  An iguana (D:5)
  9 worker ants
  7 orc wizards
  An ogre zombie (D:7)
  2 sky beast zombies
  Ijyb (D:7)
  Jessica (D:2)
  2 hound skeletons
  5 gnolls (D:3)
  A worker ant zombie (D:8)
  15 adders
  2 giant mites
  2 inept feature mimics (D:3)
  5 worms
  2 adder skeletons
  A giant eyeball (D:8)
  5 giant geckos
  3 oozes
  40 orcs
  24 bats
  A bat zombie (D:8)
  4 giant cockroaches
  10 hobgoblins
  11 jackals
  12 kobolds
  2 ball pythons (D:2)
  4 giant newts
  11 goblins
  A hobgoblin zombie (D:5)
  A kobold skeleton (D:4)
  An orc skeleton (D:5)
  4 quokkas
  A quokka skeleton (D:6)
  2 quokka zombies
  14 rats
  A rat zombie (D:6)
263 creatures vanquished.

Vanquished Creatures (collateral kills)
  A killer bee (D:7)
1 creature vanquished.

Grand Total: 264 creatures vanquished

Notes
Turn   | Place    | Note
--------------------------------------------------------------
     0 | D:1      | Kellhus, the Octopode Wizard, began the quest for the Orb.
     0 | D:1      | Reached XP level 1. HP: 9/9 MP: 5/5
   191 | D:1      | Reached XP level 2. HP: 15/15 MP: 1/7
   965 | D:2      | Reached XP level 3. HP: 15/19 MP: 2/9
  1295 | D:2      | Noticed Jessica
  1303 | D:2      | Killed Jessica
  1395 | D:2      | Reached XP level 4. HP: 18/25 MP: 4/11
  1512 | D:2      | Reached skill level 4 in Conjurations
  2058 | D:2      | Reached XP level 5. HP: 29/29 MP: 6/12
  2307 | D:3      | Reached skill level 5 in Conjurations
  2344 | D:3      | Learned a level 3 spell: Conjure Flame
  2348 | D:3      | Learned a level 3 spell: Mephitic Cloud
  2880 | D:3      | Reached XP level 6. HP: 35/35 MP: 3/14
  3308 | D:3      | HP: 1/35 [poisoned by a gnoll]
  3361 | D:3      | HP: 1/35 [poisoned by a gnoll]
  3773 | D:3      | Reached skill level 6 in Conjurations
  4755 | D:4      | Reached XP level 7. HP: 33/39 MP: 9/18
  4842 | D:4      | Found a burning altar of Makhleb.
  5035 | D:4      | Found a radiant altar of Vehumet.
  5035 | D:4      | Found an ancient bone altar of Kikubaaqudgha.
  5036 | D:4      | Found a shattered altar of Ashenzari.
  5042 | D:4      | Became a worshipper of Vehumet
  5367 | D:4      | Reached skill level 5 in Spellcasting
  6089 | D:4      | Noticed Crazy Yiuf
  6102 | D:4      | Killed Crazy Yiuf
  6204 | D:4      | Found Vaxta's Food Shop.
  6307 | D:4      | Reached skill level 7 in Conjurations
  6339 | D:4      | Acquired Vehumet's first power
  6339 | D:4      | Offered knowledge of Sandblast by Vehumet.
  6623 | D:4      | Reached XP level 8. HP: 45/45 MP: 7/20
  6868 | D:5      | Entered Level 5 of the Dungeon
  7294 | D:4      | Reached skill level 8 in Conjurations
  7828 | D:6      | Offered knowledge of Sting by Vehumet.
  7840 | D:6      | Learned a level 1 spell: Sting
  8007 | D:6      | Noticed Edmund
  8034 | D:6      | Killed Edmund
  8034 | D:6      | Reached skill level 9 in Conjurations
  8132 | D:6      | Reached skill level 1 in Poison Magic
  8211 | D:6      | Found a staircase to the Ecumenical Temple.
  8307 | D:6      | Noticed Menkaure
  8313 | D:6      | Killed Menkaure
  8762 | D:7      | Noticed Sigmund
  8774 | D:7      | Killed Sigmund
  8971 | D:7      | Noticed Eustachio
  8979 | D:7      | Reached XP level 9. HP: 49/49 MP: 16/22
  9058 | D:7      | Killed Eustachio
  9162 | D:7      | Learned a level 2 spell: Blink
  9165 | D:7      | Learned a level 2 spell: Repel Missiles
  9236 | D:7      | Noticed a spriggan baker
  9254 | D:7      | Killed a spriggan baker
  9425 | D:7      | Noticed Prince Ribbit
  9511 | D:7      | Killed Prince Ribbit
  9836 | D:7      | Found Ybbimuc's Assorted Antiques.
  9962 | D:7      | Noticed Ijyb
  9979 | D:7      | Killed Ijyb
 10013 | D:8      | Noticed timbw's ghost (experienced TrFi)
 10017 | D:8      | Offered knowledge of Throw Frost by Vehumet.
 11002 | D:8      | Reached skill level 10 in Conjurations
 11156 | D:8      | Acquired Vehumet's second power
 11247 | D:8      | Reached skill level 5 in Poison Magic
 11451 | D:8      | Reached XP level 10. HP: 44/54 MP: 10/26
 11869 | D:9      | Found a staircase to the Orcish Mines.
 12053 | D:9      | Offered knowledge of Stone Arrow by Vehumet.
 12059 | D:9      | Reached skill level 5 in Dodging
 12065 | D:9      | Learned a level 3 spell: Stone Arrow
 12265 | D:8      | Reached skill level 1 in Earth Magic
 12745 | D:8      | Killed timbw's ghost
 12976 | D:8      | Quit the game

Action                   |  1- 3 |  4- 6 |  7- 9 | 10-12 || total
-------------------------+-------+-------+-------+-------++-------
Melee: Unarmed           |     1 |     9 |       |       ||    10
       Whip              |       |       |     3 |     1 ||     4
 Cast: Magic Dart        |    73 |   203 |   413 |    29 ||   718
       Mephitic Cloud    |       |     3 |    20 |     5 ||    28
       Conjure Flame     |       |     2 |     9 |       ||    11
       Sting             |       |       |   142 |    97 ||   239
       Blink             |       |       |     1 |     2 ||     3
       Stone Arrow       |       |       |       |    21 ||    21
Evoke: Wand              |       |       |     3 |     1 ||     4
  Use: Potion            |       |     4 |       |       ||     4
       Scroll            |       |       |    13 |     1 ||    14
 Stab: Confused          |       |     1 |       |       ||     1
